 Dungeon Crawl Stone Soup version 0.21-a0-625-g1119ec1 (webtiles) character file.

2895 tidbits the Martial Artist (level 9, -2/74 HPs)
             Began as a Gnoll Transmuter on Dec 24, 2017.
             Was a Priest of Cheibriados.
             Slain by an orc warrior
             ... wielding a +0 glaive
              (17 damage)
             ... on level 8 of the Dungeon.
             The game lasted 00:22:51 (1750 turns).

tidbits the Martial Artist (Gnoll Transmuter)       Turns: 1750, Time: 00:22:52

Health: -2/74      AC:  2    Str: 18    XL:     9   Next: 77%
Magic:  18/28      EV: 29    Int: 26    God:    Cheibriados [***...]
Gold:   247        SH:  0    Dex: 29    Spells: 7/21 levels left

rFire    . . .     SeeInvis +     - Unarmed
rCold    . . .     Gourm    .   (shield currently unavailable)
rNeg     . . .     Faith    .   (armour currently unavailable)
rPois    x         Spirit   .   (helmet currently unavailable)
rElec    .         Reflect  .   (cloak currently unavailable)
rCorr    +         Harm     .   (gloves currently unavailable)
MR       .....                  (boots currently unavailable)
Stlth    +++++.....             (no amulet)
HPRegen  0.22/turn              M - ring of the Everdark {MP+9 Str-4 Dex+3 SInv Stlth+}
MPRegen  0.21/turn              l - ring of resist corrosion

@: spider-form, very slow
A: tiny, distributed training, clumsy 1, robust 1, strong nose
a: End Transformation, Bend Time, Temporal Distortion, Renounce Religion


You were on level 8 of the Dungeon.
You worshipped Cheibriados.
Cheibriados was most pleased with you.
You were not hungry.
You were a venomous arachnid creature.
You visited 1 branch of the dungeon, and saw 8 of its levels.

You collected 247 gold pieces.

Inventory:

Hand Weapons
 a - a +1 dagger of electrocution (melded)
   (You took it off Dowan on level 4 of the Dungeon)
 h - a +0 dagger
 m - a -1 war axe
 n - a +0 short sword
 s - a +0 halberd
 x - a +0 hunting sling
 F - a +2 scimitar of holy wrath
   (You took it off an orc warrior on level 6 of the Dungeon)
 J - a +0 flail of distortion
   (You found it on level 7 of the Dungeon)
 N - a +0 broad axe
Missiles
 o - 9 tomahawks (quivered)
 u - 33 arrows
 A - 14 sling bullets
 H - 5 silver tomahawks
Armour
 b - a +0 robe
 v - a +3 leather armour of magic resistance
   (You took it off Duvessa on level 4 of the Dungeon)
 y - the +7 chain mail "Esusa" {SInv, unknown}
   (You found it on level 5 of the Dungeon)

   It lets you see invisible.
 B - a +0 robe of positive energy (melded)
   (You took it off Pikel on level 5 of the Dungeon)
 C - a +0 cloak
 G - a +0 pair of gloves (melded)
 L - a scarf of resistance (melded)
   (You found it on level 7 of the Dungeon)
Jewellery
 f - an uncursed ring of flight
   (You found it on level 1 of the Dungeon)
 l - a ring of resist corrosion (right front leg)
   (You found it on level 3 of the Dungeon)
 p - an uncursed ring of fire
   (You found it on level 4 of the Dungeon)
 M - the ring of the Everdark (left front leg) {MP+9 Str-4 Dex+3 SInv Stlth+}
   (You found it on level 7 of the Dungeon)

   [ring of see invisible]

   It affects your strength (-4).
   It affects your dexterity (+3).
   It affects your magic capacity (+9).
   It lets you see invisible.
   It makes you more stealthy.
Wands
 w - a wand of flame (15)
Scrolls
 e - 2 scrolls of amnesia {unknown}
 g - 2 scrolls of enchant weapon {unknown}
 i - a scroll of enchant armour {unknown}
 j - a scroll of random uselessness {unknown}
 k - 2 scrolls of magic mapping {unknown}
 q - 2 scrolls of teleportation
 r - 4 scrolls of remove curse
 E - a scroll of acquirement {unknown}
 I - 2 scrolls of fear {unknown}
Potions
 t - 2 potions of flight
 z - 2 potions of curing
 D - a potion of brilliance
Books
 c - a book of Changes

   Spells                             Type                      Level
   a - Beastly Appendage              Transmutation                1
   b - Sticks to Snakes               Transmutation                2
   c - Spider Form                    Transmutation/Poison         3
   d - Ice Form                       Ice/Transmutation            4
   e - Blade Hands                    Transmutation                5
 K - a book of Battle
   (You found it on level 7 of the Dungeon)

   Spells                             Type                      Level
   a - Infusion                       Charms                       1
   b - Shroud of Golubria             Charms/Translocation         2
   c - Song of Slaying                Charms                       2
   d - Spectral Weapon                Hexes/Charms                 3
   e - Regeneration                   Charms/Necromancy            3
Comestibles
 d - 8 rations


   Skills:
 + Level 5.2 Fighting
 + Level 4.5 Short Blades
 + Level 4.5 Long Blades
 + Level 4.5 Axes
 + Level 4.5 Maces & Flails
 + Level 4.5 Polearms
 + Level 4.5 Staves
 + Level 4.5 Slings
 + Level 4.5 Bows
 + Level 4.5 Crossbows
 + Level 4.5 Throwing
 + Level 4.5 Armour
 + Level 6.5 Dodging
 + Level 4.5 Stealth
 + Level 4.5 Shields
 + Level 8.0 Unarmed Combat
 + Level 6.8 Spellcasting
 + Level 3.7 Conjurations
 + Level 3.7 Hexes
 + Level 3.7 Charms
 + Level 3.7 Summonings
 + Level 3.7 Necromancy
 + Level 3.7 Translocations
 + Level 5.3 Transmutations
 + Level 3.7 Fire Magic
 + Level 3.7 Ice Magic
 + Level 3.7 Air Magic
 + Level 3.7 Earth Magic
 + Level 3.7 Poison Magic
 + Level 4.9 Invocations
 + Level 4.5 Evocations


You had 7 spell levels left.
You knew the following spells:

 Your Spells              Type           Power        Failure   Level  Hunger
e - Beastly Appendage     Tmut           #####.       4%          1    None
k - Sticks to Snakes      Tmut           #####...     5%          2    None
p - Spider Form           Tmut/Pois      ####......   11%         3    None
r - Regeneration          Chrm/Necr      ####......   13%         3    None
w - Spectral Weapon       Hex/Chrm       ####....     13%         3    None
y - Song of Slaying       Chrm           ####....     8%          2    None


Dungeon Overview and Level Annotations

Branches:
Dungeon (8/15)
 Temple: D:4-7         Lair: D:8-11

Altars:
Cheibriados
Qazlal
Wu Jian


Innate Abilities, Weirdness & Mutations

Your experience applies equally to all skills.
((You have very sharp teeth.))
Your uncanny sense of smell can sniff out nearby items.
You are clumsy. (Dex -2)
You are robust. (+10% HP)


Message History

Confirm with . or Enter, or press ? or * to list all spells.
You turn into a venomous arachnid creature.
Your +1 dagger of electrocution melds into your body.
Your scarf of resistance melds into your body.
Your +0 pair of gloves melds into your body.
Your +0 robe of positive energy melds into your body.
Your +1 dagger of electrocution stops crackling.
You feel hot and cold all over.
You feel less protected from negative energy.
The orc priest shouts!
The orc shouts!
You hear a distant blaring wail to the north.
Casting: Spider Form
Confirm with . or Enter, or press ? or * to list all spells.
You create a snake!
You now have 34 arrows.
You completely miss the orc priest. You completely miss the orc priest.
Your ball python bites the orc priest but does no damage.
Your ball python grabs the orc priest.
Your ball python constricts the orc priest.
The orc completely misses you.
The orc priest invokes the aid of Beogh against you.
Pain shoots through your body!
You hit the orc priest but do no damage.
The orc priest is poisoned.
Your ball python bites the orc priest but does no damage.
Your ball python constricts the orc priest.
The orc completely misses you.
The orc warrior hits your ball python with a glaive!!
Your ball python dies!
The orc priest completely misses you.
You barely miss the orc priest.
The orc priest is lightly wounded.
The orc hits you with a short sword. The orc priest hits you with a flail.
Casting: Sticks to Snakes
Confirm with . or Enter, or press ? or * to list all spells.
You create a snake!
You now have 33 arrows.
The orc closely misses you. x2
The orc warrior barely misses you. The steam dragon closely misses you.
The steam dragon claws you but does no damage.
You bite the orc priest!
The orc priest looks as sick as possible!
The orc priest is severely wounded.
You kill the orc priest!
Cheibriados appreciates the change of pace.
The orc misses you. The orc completely misses you.
Your ball python barely misses the steam dragon.
You hit the steam dragon but do no damage.
The steam dragon is poisoned.
The steam dragon bites you. The steam dragon misses you.
The orc warrior completely misses you.
Your ball python barely misses the steam dragon.
The orc completely misses you.
You bite the steam dragon!
The steam dragon is heavily wounded.
The orc completely misses you. The steam dragon breathes steam at you.
The ball of steam misses you.
Your ball python bites the steam dragon but does no damage.
The orc warrior completely misses you.
You hit the steam dragon but do no damage.
The steam dragon is heavily wounded.
You are engulfed in a cloud of scalding steam.
The orc barely misses you. The orc hits you with a dagger.
The steam dragon completely misses you. The steam dragon misses you.
Your ball python barely misses the steam dragon.
You hit the steam dragon but do no damage.
The steam dragon looks as sick as possible!
The steam dragon is severely wounded.
You are engulfed in a cloud of scalding steam.
The orc misses you. The orc completely misses you.
The orc warrior hits you from afar with a glaive!!
* * * LOW HITPOINT WARNING * * *
The steam dragon completely misses you. x2
Your ball python bites the steam dragon but does no damage.
You hit the steam dragon.
The steam dragon looks as sick as possible!
The steam dragon is almost dead.
You are engulfed in a cloud of scalding steam.
* * * LOW HITPOINT WARNING * * *
The orc misses you. The orc hits you with a dagger.
* * * LOW HITPOINT WARNING * * *
Your ball python barely misses the steam dragon.
The steam dragon completely misses you. x2
You bite the steam dragon!
You kill the steam dragon!
Cheibriados thoroughly appreciates the change of pace.
You are engulfed in a cloud of scalding steam.
* * * LOW HITPOINT WARNING * * *
The orc warrior misses you. The orc misses you. The orc closely misses you.
Really harm your ball python?
You can feel time thicken for a moment.
You kill the orc!
Cheibriados appreciates the change of pace.
You kill your ball python!
You kill the orc!
Cheibriados thoroughly appreciates the change of pace.
You feel somewhat more hungry.
You can no longer inflict damage on those overly hasty.
Cheibriados lowers the support of your attributes as your movement quickens.
You are engulfed in a cloud of scalding steam.
* * * LOW HITPOINT WARNING * * *
The orc warrior hits you from afar with a glaive!
You die...

∆ ∆
###########..
#...)s...%$..
#...)).######
#<...o.#
#.......
#........
#...##....
#... .####
#### ..


You could see an orc warrior.

Vanquished Creatures
  Pikel (D:5)
  Joseph (D:7)
  Sigmund (D:6)
  A steam dragon (D:8)
  Duvessa (D:4)
  An orc warrior (D:6)
  3 slaves (D:5)
  A phantom (D:6)
  An ice beast (D:7)
  2 ogres (D:7)
  A centaur (D:7)
  A bullfrog (D:7)
  Dowan (D:4)
  2 scorpions
  3 killer bees (D:7)
  4 wights (D:7)
  A howler monkey (D:5)
  5 hounds
  3 orc wizards
  Crazy Yiuf (D:5)
  5 orc priests
  3 iguanas
  3 worker ants
  3 adders
  An ooze (D:6)
  3 worms
  A dart slug (D:1)
  22 orcs
  2 giant cockroaches
  A goblin (D:1)
  2 hobgoblins (D:3)
  8 jackals
  2 kobolds (D:3)
  2 quokkas
  5 bats
  A frilled lizard (D:3)
  A leopard gecko skeleton (D:4)
  2 rats (D:1)
102 creatures vanquished.

Vanquished Creatures (collateral kills)
  A centaur zombie (D:5)
  Jessica (D:2)
  A hound skeleton (D:6)
  An adder (D:6)
  An adder zombie (D:6)
  A dart slug (D:2)
  A leopard gecko (D:6)
  A bat (D:3)
  2 jackals (D:6)
  A frilled lizard (D:3)
11 creatures vanquished.

Grand Total: 113 creatures vanquished

Notes
Turn   | Place    | Note
-------+----------+-------------------------------------------
     0 | D:1      | tidbits the Gnoll Transmuter began the quest for the Orb.
     0 | D:1      | Reached XP level 1. HP: 17/17 MP: 6/6
    33 | D:1      | Found a snail-covered altar of Cheibriados.
    41 | D:1      | Became a worshipper of Cheibriados the Contemplative
   149 | D:2      | Noticed Jessica
   257 | D:1      | Reached XP level 2. HP: 23/23 MP: 5/7
   261 | D:1      | Learned a level 2 spell: Sticks to Snakes
   295 | D:2      | Killed Jessica
   295 | D:2      | Reached skill level 5 in Spellcasting
   295 | D:2      | Reached XP level 3. HP: 13/28 MP: 3/9
   303 | D:2      | Learned a level 3 spell: Spider Form
   342 | D:2      | Found an ornate altar of the Wu Jian Council.
   380 | D:3      | Reached skill level 1 in Invocations
   389 | D:3      | Reached skill level 1 in Short Blades
   389 | D:3      | Reached skill level 1 in Long Blades
   389 | D:3      | Reached skill level 1 in Axes
   389 | D:3      | Reached skill level 1 in Maces & Flails
   389 | D:3      | Reached skill level 1 in Polearms
   389 | D:3      | Reached skill level 1 in Staves
   389 | D:3      | Reached skill level 1 in Slings
   389 | D:3      | Reached skill level 1 in Bows
   389 | D:3      | Reached skill level 1 in Crossbows
   389 | D:3      | Reached skill level 1 in Throwing
   389 | D:3      | Reached skill level 1 in Armour
   389 | D:3      | Reached skill level 1 in Stealth
   389 | D:3      | Reached skill level 1 in Shields
   389 | D:3      | Reached skill level 1 in Evocations
   412 | D:3      | Reached XP level 4. HP: 27/34 MP: 3/11
   452 | D:3      | Reached skill level 1 in Conjurations
   452 | D:3      | Reached skill level 1 in Hexes
   452 | D:3      | Reached skill level 1 in Charms
   452 | D:3      | Reached skill level 1 in Summonings
   452 | D:3      | Reached skill level 1 in Necromancy
   452 | D:3      | Reached skill level 1 in Translocations
   452 | D:3      | Reached skill level 1 in Fire Magic
   452 | D:3      | Reached skill level 1 in Ice Magic
   452 | D:3      | Reached skill level 1 in Air Magic
   452 | D:3      | Reached skill level 1 in Earth Magic
   452 | D:3      | Reached skill level 1 in Poison Magic
   455 | D:3      | Reached * piety under Cheibriados
   455 | D:3      | Reached XP level 5. HP: 14/40 MP: 1/12
   456 | D:3      | Reached skill level 3 in Fighting
   458 | D:3      | Reached skill level 4 in Transmutations
   655 | D:4      | Reached skill level 2 in Invocations
   655 | D:4      | Reached XP level 6. HP: 41/47 MP: 9/13
   783 | D:4      | Reached ** piety under Cheibriados
   783 | D:4      | Reached skill level 2 in Short Blades
   783 | D:4      | Reached skill level 2 in Long Blades
   783 | D:4      | Reached skill level 2 in Axes
   783 | D:4      | Reached skill level 2 in Maces & Flails
   783 | D:4      | Reached skill level 2 in Polearms
   783 | D:4      | Reached skill level 2 in Staves
   783 | D:4      | Reached skill level 2 in Slings
   783 | D:4      | Reached skill level 2 in Bows
   783 | D:4      | Reached skill level 2 in Crossbows
   783 | D:4      | Reached skill level 2 in Throwing
   783 | D:4      | Reached skill level 2 in Armour
   783 | D:4      | Reached skill level 5 in Dodging
   783 | D:4      | Reached skill level 2 in Stealth
   783 | D:4      | Reached skill level 2 in Shields
   783 | D:4      | Reached skill level 2 in Evocations
   798 | D:4      | Noticed Dowan
   800 | D:4      | Noticed Duvessa
   817 | D:4      | Killed Duvessa
   817 | D:4      | Reached XP level 7. HP: 40/52 MP: 7/15
   820 | D:4      | Killed Dowan
   861 | D:5      | Entered Level 5 of the Dungeon
   893 | D:5      | Found a runed door.
   897 | D:5      | Noticed Crazy Yiuf
   901 | D:5      | Killed Crazy Yiuf
   901 | D:5      | Reached skill level 7 in Unarmed Combat
   984 | D:5      | Reached skill level 2 in Conjurations
   984 | D:5      | Reached skill level 2 in Hexes
   984 | D:5      | Reached skill level 2 in Charms
   984 | D:5      | Reached skill level 2 in Summonings
   984 | D:5      | Reached skill level 2 in Necromancy
   984 | D:5      | Reached skill level 2 in Translocations
   984 | D:5      | Reached skill level 2 in Fire Magic
   984 | D:5      | Reached skill level 2 in Ice Magic
   984 | D:5      | Reached skill level 2 in Air Magic
   984 | D:5      | Reached skill level 2 in Earth Magic
   984 | D:5      | Reached skill level 2 in Poison Magic
   988 | D:5      | Got a fine chain mail
  1016 | D:5      | Noticed Pikel
  1028 | D:5      | Killed Pikel
  1028 | D:5      | Reached skill level 4 in Fighting
  1028 | D:5      | Reached skill level 3 in Short Blades
  1028 | D:5      | Reached skill level 3 in Long Blades
  1028 | D:5      | Reached skill level 3 in Axes
  1028 | D:5      | Reached skill level 3 in Maces & Flails
  1028 | D:5      | Reached skill level 3 in Polearms
  1028 | D:5      | Reached skill level 3 in Staves
  1028 | D:5      | Reached skill level 3 in Slings
  1028 | D:5      | Reached skill level 3 in Bows
  1028 | D:5      | Reached skill level 3 in Crossbows
  1028 | D:5      | Reached skill level 3 in Throwing
  1028 | D:5      | Reached skill level 3 in Armour
  1028 | D:5      | Reached skill level 3 in Stealth
  1028 | D:5      | Reached skill level 3 in Shields
  1028 | D:5      | Reached skill level 3 in Invocations
  1028 | D:5      | Reached skill level 3 in Evocations
  1028 | D:5      | Reached XP level 8. HP: 40/60 MP: 16/16
  1109 | D:6      | Reached skill level 6 in Spellcasting
  1141 | D:6      | Found a stormy altar of Qazlal.
  1189 | D:6      | Noticed Sigmund
  1196 | D:6      | Killed Sigmund
  1212 | D:6      | Reached *** piety under Cheibriados
  1219 | D:6      | Reached skill level 4 in Invocations
  1248 | D:6      | Reached skill level 3 in Conjurations
  1248 | D:6      | Reached skill level 3 in Hexes
  1248 | D:6      | Reached skill level 3 in Charms
  1248 | D:6      | Reached skill level 3 in Summonings
  1248 | D:6      | Reached skill level 3 in Necromancy
  1248 | D:6      | Reached skill level 3 in Translocations
  1248 | D:6      | Reached skill level 3 in Fire Magic
  1248 | D:6      | Reached skill level 3 in Ice Magic
  1248 | D:6      | Reached skill level 3 in Air Magic
  1248 | D:6      | Reached skill level 3 in Earth Magic
  1248 | D:6      | Reached skill level 3 in Poison Magic
  1335 | D:6      | Reached XP level 9. HP: 44/66 MP: 12/18
  1352 | D:6      | Reached skill level 6 in Dodging
  1379 | D:7      | Reached skill level 5 in Transmutations
  1446 | D:7      | Learned a level 3 spell: Regeneration
  1452 | D:7      | Learned a level 2 spell: Song of Slaying
  1461 | D:7      | Reached skill level 4 in Short Blades
  1461 | D:7      | Reached skill level 4 in Long Blades
  1461 | D:7      | Reached skill level 4 in Axes
  1461 | D:7      | Reached skill level 4 in Maces & Flails
  1461 | D:7      | Reached skill level 4 in Polearms
  1461 | D:7      | Reached skill level 4 in Staves
  1461 | D:7      | Reached skill level 4 in Slings
  1461 | D:7      | Reached skill level 4 in Bows
  1461 | D:7      | Reached skill level 4 in Crossbows
  1461 | D:7      | Reached skill level 4 in Throwing
  1461 | D:7      | Reached skill level 4 in Armour
  1461 | D:7      | Reached skill level 4 in Stealth
  1461 | D:7      | Reached skill level 4 in Shields
  1461 | D:7      | Reached skill level 4 in Evocations
  1492 | D:7      | Reached **** piety under Cheibriados
  1512 | D:7      | Learned a level 3 spell: Spectral Weapon
  1541 | D:7      | Noticed Joseph
  1560 | D:7      | Gained mutation: You are clumsy. (Dex -2) [potion of mutation]
  1560 | D:7      | Gained mutation: You are robust. (+10% HP) [potion of mutation]
  1573 | D:7      | Killed Joseph
  1573 | D:7      | Reached skill level 5 in Fighting
  1607 | D:7      | Reached skill level 8 in Unarmed Combat
  1674 | D:7      | Got a vibrating marble ring
  1675 | D:7      | Identified the ring of the Everdark {MP+9 Str-4 Dex+3 SInv Stlth+} (You found it on level 7 of the Dungeon)
  1750 | D:8      | Slain by an orc warrior

Vault maps used:
D:1:      dpeg_arrival_rhombus, cheibriados_altar_1
D:2:      minmay_diamond_boxcup, lemuel_round_altar, fedhas_altar_1,
          minmay_octomino_j4, uniq_jessica
D:4:      serial_shops, nicolae_shop_temple_entry_statues_fountains,
          uniq_duvessa
D:5:      lemuel_blue_sif_altar, overflow_temple_1_default, first_ration,
          uniq_pikel, uniq_crazy_yiuf_cottage
D:6:      minmay_temple_entry_glass, basic_altar, serial_column_ruins,
          column_ruins_square_large, column_ruins_open_small,
          column_ruins_open_tiny, column_ruins_grid_1, column_ruins_columns_T,
          column_ruins_open_large, uniq_prince_ribbit1, uniq_sigmund
D:7:      minmay_statues_item, uniq_joseph
D:8:      lemuel_round_altar, gammafunk_temple_overflow_statue,
          lair_entry_dummy, uniq_maurice

Skill      XL: |  1  2  3  4  5  6  7  8  9 |
---------------+----------------------------+-----
Spellcasting   | 5 6 |  6.8
Invocations    | 1 2 3 4 |  4.9
Short Blades   | 1 2 3 4 |  4.5
Long Blades    | 1 2 3 4 |  4.5
Axes           | 1 2 3 4 |  4.5
Maces & Flails | 1 2 3 4 |  4.5
Polearms       | 1 2 3 4 |  4.5
Staves         | 1 2 3 4 |  4.5
Slings         | 1 2 3 4 |  4.5
Bows           | 1 2 3 4 |  4.5
Crossbows      | 1 2 3 4 |  4.5
Throwing       | 1 2 3 4 |  4.5
Armour         | 1 2 3 4 |  4.5
Stealth        | 1 2 3 4 |  4.5
Shields        | 1 2 3 4 |  4.5
Evocations     | 1 2 3 4 |  4.5
Conjurations   | 1 2 3 |  3.7
Hexes          | 1 2 3 |  3.7
Charms         | 1 2 3 |  3.7
Summonings     | 1 2 3 |  3.7
Necromancy     | 1 2 3 |  3.7
Translocations | 1 2 3 |  3.7
Fire Magic     | 1 2 3 |  3.7
Ice Magic      | 1 2 3 |  3.7
Air Magic      | 1 2 3 |  3.7
Earth Magic    | 1 2 3 |  3.7
Poison Magic   | 1 2 3 |  3.7
Fighting       | 3 4 5 |  5.2
Transmutations | 4 5 |  5.3
Dodging        | 5 6 |  6.5
Unarmed Combat | 7 8 |  8.0

Action                   |  1- 3 |  4- 6 |  7- 9 || total
-------------------------+-------+-------+-------++-------
Melee: Unarmed           |    29 |    66 |   144 ||   239
       Kick              |     2 |       |       ||     2
       Bite              |     3 |     3 |     4 ||    10
       Headbutt          |     3 |       |       ||     3
       Dagger            |       |    12 |    19 ||    31
       Punch             |       |       |     1 ||     1
Throw: Tomahawk          |       |       |     5 ||     5
 Cast: Beastly Appendage |     7 |       |       ||     7
       Sticks to Snakes  |     5 |     4 |    14 ||    23
       Spider Form       |     2 |     9 |    18 ||    29
       Regeneration      |       |       |     3 ||     3
Invok: Slouch            |       |       |     1 ||     1
 Abil: End Transformatio |       |       |     3 ||     3
Evoke: Wand              |       |       |    22 ||    22
  Use: Potion            |     2 |     2 |     2 ||     6
       Scroll            |       |     4 |     1 ||     5
 Stab: Sleeping          |     1 |       |     2 ||     3
       Distracted        |       |       |     3 ||     3
  Eat: Chunk             |       |       |     2 ||     2
Armor: Robe              |     2 |     2 |     3 ||     7
       Skin              |     1 |     4 |    11 ||    16
Dodge: Dodged            |    18 |    78 |   174 ||   270

Table legend:
 A = Spawn XP
 B = Non-spawn XP
 C = Spawn XP percentage of total XP
 D = Spawn monster count
 E = Non-spawn monster count
 F = Spawn count percentage of total count
 G = Total turns spent on level
                    A         B        C        D         E        F      G
               +---------+---------+-------+---------+---------+-------+---------
         Total |       0 |    4136 |   0.0 |       0 |     110 |   0.0 |  1750
               +---------+---------+-------+---------+---------+-------+---------
           D:1 |       0 |      10 |   0.0 |       0 |       6 |   0.0 |   271
           D:2 |       0 |      39 |   0.0 |       0 |       3 |   0.0 |    84
           D:3 |       0 |     259 |   0.0 |       0 |      26 |   0.0 |   242
           D:4 |       0 |     402 |   0.0 |       0 |      14 |   0.0 |   274
           D:5 |       0 |     857 |   0.0 |       0 |       6 |   0.0 |   218
           D:6 |       0 |     875 |   0.0 |       0 |      31 |   0.0 |   286
           D:7 |       0 |    1464 |   0.0 |       0 |      20 |   0.0 |   360
           D:8 |       0 |     230 |   0.0 |       0 |       4 |   0.0 |    15
               +---------+---------+-------+---------+---------+-------+---------

Table legend:
 A = Turns spent in this place as a percentage of turns spent in the entire game.
 B = Non-inter-level travel turns spent in this place as a percentage of non-inter-level travel turns spent in the entire game.
 C = Inter-level travel turns spent in this place as a percentage of turns spent in this place.
 D = Turns resting spent in this place as a percentage of non-inter-level travel turns spent in this place.
 E = Turns spent auto-exploring this place as a percentage of non-inter-level travel turns spent in this place.
 F = Non-inter-level travel turns spent in this place divided by the number of levels of this place that you've seen.
                   A       B       C       D       E      F
               +-------+-------+-------+-------+-------+----------------------
         Total | 100.0 | 100.0 |   1.1 |   0.0 |   0.0 | 216.2
       Dungeon | 100.0 | 100.0 |   1.1 |   0.0 |   0.0 | 216.2
               +-------+-------+-------+-------+-------+----------------------

Table legend:
 A = Kills in this place as a percentage of kills in entire the game.
 B = Kills by you in this place as a percentage of kills by you in the entire game.
 C = Kills by friends in this place as a percentage of kills by friends in the entire game.
 D = Other kills in this place as a percentage of other kills in the entire game.
 E = Experience gained in this place as a percentage of experience gained in the entire game.
 F = Experience gained in this place divided by the number of levels of this place that you have seen.
                   A       B       C       D       E      F
               +-------+-------+-------+-------+-------+----------------------
         Total | 100.0 | 100.0 | 100.0 |   N/A | 100.0 | 517.0
       Dungeon | 100.0 | 100.0 | 100.0 |   N/A | 100.0 | 517.0
               +-------+-------+-------+-------+-------+----------------------

Vault maps used:
D:1:      dpeg_arrival_rhombus, cheibriados_altar_1
D:2:      minmay_diamond_boxcup, lemuel_round_altar, fedhas_altar_1,
          minmay_octomino_j4, uniq_jessica
D:4:      serial_shops, nicolae_shop_temple_entry_statues_fountains,
          uniq_duvessa
D:5:      lemuel_blue_sif_altar, overflow_temple_1_default, first_ration,
          uniq_pikel, uniq_crazy_yiuf_cottage
D:6:      minmay_temple_entry_glass, basic_altar, serial_column_ruins,
          column_ruins_square_large, column_ruins_open_small,
          column_ruins_open_tiny, column_ruins_grid_1, column_ruins_columns_T,
          column_ruins_open_large, uniq_prince_ribbit1, uniq_sigmund
D:7:      minmay_statues_item, uniq_joseph
D:8:      lemuel_round_altar, gammafunk_temple_overflow_statue,
          lair_entry_dummy, uniq_maurice
